 Dungeon Crawl Stone Soup version 0.29.1-1-gd02db6906a (webtiles) character file.

Game seed: 18323406490038221934

42 AlexRAT the Trooper (level 3, -2/33 HPs)
             Began as a Minotaur Berserker on Oct 12, 2022.
             Was a Believer of Trog.
             Slain by a gnoll
             ... wielding a +0 halberd
              (10 damage)
             ... on level 2 of the Dungeon.
             The game lasted 00:01:59 (1592 turns).

AlexRAT the Trooper (Minotaur Berserker)            Turns: 1592, Time: 00:02:01

Health: -2/33      AC:  5    Str: 23    XL:     3   Next: 35%
Magic:  2/2        EV: 11    Int:  4    God:    Trog [**....]
Gold:   76         SH:  0    Dex:  9    Spells: 2/2 levels left

rFire   . . .      SeeInvis .   a - +0 hand axe
rCold   . . .      Faith    .   (no shield)
rNeg    . . .      Spirit   .   l - +0 ring mail
rPois   .          Reflect  .   (helmet restricted)
rElec   .          Harm     .   (no cloak)
rCorr   .          Rampage  .   (no gloves)
Will    .....                   (no boots)
Stlth   ..........              (no amulet)
HPRegen 0.11/turn               (no ring)
MPRegen 0.08/turn               (no ring)

@: no status effects
A: horns 2, retaliatory headbutt
a: Renounce Religion, Berserk, Trog's Hand


You were on level 2 of the Dungeon.
You worshipped Trog.
Trog was pleased with you.
You visited 1 branch of the dungeon, and saw 2 of its levels.

You collected 76 gold pieces.

Inventory:

Hand Weapons
 a - a +0 hand axe (weapon)
Missiles
 f - 4 silver javelins (quivered)
Armour
 b - a +0 animal skin
 l - a +0 ring mail (worn)
Scrolls
 c - 2 scrolls of amnesia {unknown}
 d - a scroll of torment {unknown}
 e - 2 scrolls of teleportation {unknown}
 i - 2 scrolls of magic mapping {unknown}
 j - 2 scrolls of enchant armour {unknown}
 o - a scroll of summoning {unknown}
 p - a scroll of identify {unknown}
Potions
 g - a potion of invisibility {unknown}
 h - a potion of ambrosia {unknown}
 k - a potion of resistance {unknown}
 m - a potion of heal wounds {unknown}
 n - 2 potions of flight {unknown}
 q - a potion of magic {unknown}


   Skills:
 + Level 4.1 Fighting
 + Level 4.1 Axes
 + Level 3.1 Armour
 + Level 2.8 Dodging


You had 2 spell levels left.
You didn't know any spells.
Your spell library was empty.

Dungeon Overview and Level Annotations

Branches:
Dungeon (2/15)

Altars:

Shops:
D:2 [


Innate Abilities, Weirdness & Mutations

You have a pair of horns on your head.
You reflexively headbutt those who attack you in melee.


Message History

You headbutt the frilled lizard, but do no damage.
The frilled lizard is moderately wounded.
The frilled lizard bites you.
The frilled lizard bites you but does no damage.
You barely miss the frilled lizard.
Your headbutt misses the frilled lizard.
The frilled lizard is moderately wounded.
The frilled lizard barely misses you.
You barely miss the frilled lizard. You headbutt the frilled lizard.
You kill the frilled lizard!
Trog accepts your kill.
No target in view!
No target in view!
No target in view!
No target in view!
No target in view!
No target in view!
No target in view!
No target in view!
There is an entrance to Pihos's Antique Armour Shop here.
j - 2 scrolls labelled ACOHUG PASS (gained 1)
q - an emerald potion
Found a helmet.
You now have 76 gold pieces (gained 8).
You see here a +0 helmet.
A gnoll comes into view. It is wielding a +0 halberd.
The gnoll shouts!
You hear a shout!
A gnoll comes into view. It is wielding a +0 halberd.
A gnoll comes into view. It is wielding a +0 flail.
A gnoll comes into view. It is wielding a +0 halberd.
The gnoll shouts!
The gnoll hits you from afar with a +0 halberd.
You slash the gnoll!
The gnoll is heavily wounded.
You hit the gnoll but do no damage.
The gnoll hits you from afar with a +0 halberd!
The gnoll hits you with a +0 halberd!
* * * LOW HITPOINT WARNING * * *
The gnoll hits you from afar with a +0 halberd!
You die...

# #...#......#
######.#.#
#######...#......#
#.#.#.#
.....#♣...#......#
#†#.#.#
.................#
#.#.#.#
.....♣∩♣##.......#
#.#...# .......#
#.###+#.###
#.###.# ..)..#♣#
#.##......#####
#.# #.# .....#
.##..........#
#.###.# .....#.#
#..g@.......
#...... .†.....#
#....g$....#
#####.# ########
#...gg..#### #.#
#.......# #.#
.........# #.#
###.......# #.#
### ####+##.# #.#
#.. .# #.# # #.#
#.#


You could see 4 gnolls.

Vanquished Creatures
  An adder (D:2)
  A dart slug (D:1)
  3 endoplasms (D:1)
  3 giant cockroaches
  A hobgoblin (D:1)
  4 jackals (D:1)
  3 quokkas
  2 ball pythons (D:1)
  3 bats
  3 frilled lizards
  2 kobolds
  5 rats
31 creatures vanquished.

Notes
Turn   | Place    | Note
-------+----------+-------------------------------------------
     0 | D:1      | AlexRAT the Minotaur Berserker began the quest for the Orb.
     0 | D:1      | Reached XP level 1. HP: 19/19 MP: 0/0
   285 | D:1      | Reached XP level 2. HP: 27/27 MP: 1/1
   718 | D:1      | Reached ** piety under Trog
  1246 | D:2      | Reached XP level 3. HP: 33/33 MP: 2/2
  1522 | D:2      | Found Pihos's Antique Armour Shop.
  1592 | D:2      | Slain by a gnoll

Illustrated notes

Levels and vault maps discovered:
D:1:      beargit_arrival_diablo_church, layout_basic
D:2:      layout_basic, serial_shops, nicolae_shop_trees

Skill      XL: |  1  2 |
---------------+-------+-----
Axes           | 4 |  4.1
Fighting       | 4 |  4.1
Armour         | 3 |  3.1
Dodging        | |  2.8

Action                   || total
-------------------------++-------
Melee: Hand axe          ||    58
       Headbutt          ||    10
Armor: Animal skin       ||     8
       Ring mail         ||     7
Dodge: Dodged            ||    44
